 Dungeon Crawl Stone Soup version 0.28.0 (webtiles) character file.

Game seed: 5362295149740434995

874 HallandMoats the Ruffian (level 8, -14/71 HPs)
             Began as a Ghoul Monk on Feb 8, 2022.
             Demolished by an ogre (27 damage)
             ... on level 5 of the Dungeon.
             The game lasted 00:04:18 (4562 turns).

HallandMoats the Ruffian (Ghoul Monk)               Turns: 4562, Time: 00:04:18

Health: -14/71     AC:  7    Str: 15    XL:     8   Next: 4%
Magic:  7/7        EV: 13    Int:  5    God:
Gold:   255        SH:  0    Dex: 13    Spells: 7/7 levels left

rFire   . . .      SeeInvis .     - Unarmed
rCold   + . .      Faith    .   (no shield)
rNeg    + + +      Spirit   .   h - +3 leather armour {Will+}
rPois   ∞          Reflect  .   f - +0 helmet
rElec   .          Harm     .   (no cloak)
rCorr   .          Rampage  .   (no gloves)
Will    +....                   (no boots)
Stlth   ++........              (no amulet)
HPRegen 0.00/turn               (no ring)
MPRegen 0.10/turn               (no ring)

@: inhibited regen
A: claws 1, cold resistance 1, negative energy resistance 3, inhibited
regeneration, torment resistance 2
a: no special abilities


You were on level 5 of the Dungeon.
You visited 1 branch of the dungeon, and saw 5 of its levels.

You collected 255 gold pieces.

Inventory:

Armour
 f - a +0 helmet (worn)
 h - a +3 leather armour of willpower (worn)
Scrolls
 e - 2 scrolls of teleportation
 g - a scroll of vulnerability
Potions
 a - 3 potions of curing {unknown}
 c - a potion of might {unknown}
 i - a potion of magic {unknown}
 k - 2 potions of haste {unknown}


   Skills:
 * Level 6.4 Fighting
 + Level 3.0 Armour
 + Level 4.1 Dodging
 - Level 2.1 Stealth
 * Level 6.4 Unarmed Combat


You had 7 spell levels left.
You didn't know any spells.
Your spell library contained the following spells:

 Spells                   Type           Power      Damage    Failure   Level
 Animate Skeleton         Necr           0%         N/A       54%         1
 Magic Dart               Conj           0%         1d3       54%         1
 Pain                     Necr           0%         1d4       54%         1
 Call Imp                 Summ           0%         N/A       69%         2
 Mephitic Cloud           Conj/Pois/Air  0%         N/A       89%         3
 Vampiric Draining        Necr           0%         2d6       89%         3


Dungeon Overview and Level Annotations

Branches:
Dungeon (5/15)
 Temple: D:4-7

Altars:
Zin


Innate Abilities, Weirdness & Mutations

You thrive by killing the living.
You are immune to poison.
You have sharp fingernails.
Your flesh is cold resistant. (rC+)
You are immune to negative energy. (rN+++)
You do not regenerate when monsters are visible.
You are immune to unholy pain and torment.


Message History

The scorpion is severely wounded.
The scorpion closely misses you.
You scratch the scorpion.
The scorpion is severely wounded.
The scorpion barely misses you.
You scratch the scorpion.
The scorpion is severely wounded.
The scorpion stings you but does no damage.
You barely miss the scorpion.
The scorpion is severely wounded.
The scorpion closely misses you.
You claw the scorpion!
You kill the scorpion!
Your Armour skill increases to level 3!
You have reached level 8!
You start resting.
You hear the brisk rusting of a very distant drain.
You start resting.
You hear the brisk rusting of a very distant drain.
You start resting.
You hear the quick rusting of a very distant drain.
You see here a +0 giant spiked club.
The ogre shouts!
You swing at nothing.
You swing at nothing.
You swing at nothing.
You swing at nothing.
You scratch the ogre.
The ogre is lightly wounded.
The ogre hits you with a +0 giant spiked club!!
You completely miss the ogre.
The ogre is lightly wounded.
You barely miss the ogre.
The ogre is lightly wounded.
The ogre hits you with a +0 giant spiked club!!
* * * LOW HITPOINT WARNING * * *
You claw the ogre! You claw the ogre, but do no damage.
The ogre is moderately wounded.
The ogre hits you with a +0 giant spiked club!!
You die...

#...# #...# #####
#...########...#
#####..............###
........≈≈≈≈≈≈≈≈≈....
...###..≈..§....≈..####
#..# #..≈§§§§≈≈.≈..)..#
#..# #†.≈.§§§.≈.≈.###.#
#..# ##.≈.§._.§.@...#.#
#..# #.≈.≈...§O≈...#.#
#..# #.≈.≈§§≈≈§≈...#.#
#..# #.≈.......≈$..#.#
#..####.≈≈≈≈≈≈≈≈≈...#.#
.....(..............#.#
.........#####......#.#
......#### #......#.#
......# #.#


You could see an ogre.

Vanquished Creatures
  A black bear (D:4)
  2 ice beasts
  An ogre (D:5)
  2 scorpions
  A water moccasin skeleton (D:4)
  A hound (D:5)
  An orc priest (D:4)
  A centaur skeleton (D:5)
  4 orc wizards
  A hound skeleton (D:4)
  6 adders
  3 worms
  2 dart slugs
  7 orcs
  7 bats
  2 endoplasms (D:1)
  2 giant cockroaches
  8 hobgoblins
  2 jackals (D:1)
  6 kobolds
  A quokka (D:1)
  14 ball pythons
  6 frilled lizards
  7 goblins
  8 rats
96 creatures vanquished.

Notes
Turn   | Place    | Note
-------+----------+-------------------------------------------
     0 | D:1      | HallandMoats the Ghoul Monk began the quest for the Orb.
     0 | D:1      | Reached XP level 1. HP: 19/19 MP: 0/0
   143 | D:1      | Reached XP level 2. HP: 26/26 MP: 1/1
   403 | D:1      | Reached XP level 3. HP: 27/33 MP: 2/2
   684 | D:1      | Found a faded altar of an unknown god.
   960 | D:2      | Reached skill level 1 in Armour
  1495 | D:2      | Reached XP level 4. HP: 38/40 MP: 3/3
  2179 | D:3      | Reached XP level 5. HP: 47/47 MP: 4/4
  2796 | D:4      | Noticed a black bear
  2808 | D:4      | Killed a black bear
  2809 | D:4      | Reached XP level 6. HP: 31/55 MP: 5/5
  2826 | D:4      | Reached skill level 5 in Fighting
  2826 | D:4      | Reached skill level 5 in Unarmed Combat
  3086 | D:4      | Noticed an ice beast
  3105 | D:4      | Killed an ice beast
  3307 | D:4      | Reached XP level 7. HP: 37/61 MP: 6/6
  4033 | D:5      | Entered Level 5 of the Dungeon
  4429 | D:5      | Reached XP level 8. HP: 42/71 MP: 7/7
  4562 | D:5      | Demolished by an ogre

Illustrated notes

Levels and vault maps discovered:
D:1:      sevenhm_arrival_forest_fort_large_4, layout_loops_ring,
          nicolae_ecumenical_snake_handling
D:2:      layout_basic, lemuel_old_faithful
D:3:      layout_loops_ring
D:4:      layout_loops_ring
D:5:      layout_basic, mainiacjoe_overflow_concentric_impassable,
          gammafunk_ghost_necromancy, gup_sewer_entry_spiral

Skill      XL: |  1  2  3  4  5  6  7 |
---------------+----------------------+-----
Armour         | 1 2 3 |  3.0
Unarmed Combat | 4 5 6 |  6.4
Dodging        | 3 4 |  4.1
Fighting       | 4 5 6 |  6.4
Stealth        | |  2.1

Action                   |  1- 3 |  4- 6 |  7- 9 || total
-------------------------+-------+-------+-------++-------
Melee: Unarmed           |   122 |   116 |   103 ||   341
       Punch             |     2 |     6 |     6 ||    14
  Use: Scroll            |       |       |     6 ||     6
 Stab: Sleeping          |     1 |     2 |     1 ||     4
Armor: Robe              |    29 |     5 |       ||    34
       Leather armour    |       |    26 |    38 ||    64
Dodge: Dodged            |    93 |    56 |    36 ||   185
